 Dungeon Crawl Stone Soup version 0.28.0 (webtiles) character file.

Game seed: 1172611279390540138

51 croobank the Grasshopper (level 3, -1/24 HPs)
             Began as an Octopode Warper on Feb 10, 2022.
             Slain by a goblin (5 damage)
             ... led by Robin
             ... on level 2 of the Dungeon.
             The game lasted 00:04:18 (1144 turns).

croobank the Grasshopper (Octopode Warper)          Turns: 1144, Time: 00:04:19

Health: -1/24      AC:  1    Str: 10    XL:     3   Next: 83%
Magic:  6/6        EV: 13    Int: 17    God:
Gold:   49         SH:  0    Dex: 11    Spells: 0/6 levels left

rFire   . . .      SeeInvis .   a - +0 hand axe
rCold   . . .      Faith    .   (no shield)
rNeg    . . .      Spirit   .   (helmet restricted)
rPois   .          Reflect  .   (no amulet)
rElec   .          Harm     .   (no ring)
rCorr   .          Rampage  .   (no ring)
Will    .....                   (no ring)
Stlth   +++.......              (no ring)
HPRegen 0.08/turn               (no ring)
MPRegen 0.10/turn               (no ring)
                                (no ring)
                                (no ring)

@: no status effects
A: almost no armour, amphibious, 8 rings, camouflage 1, gelatinous body 1,
(nimble swimmer 1), tentacles
a: no special abilities


You were on level 2 of the Dungeon.
You visited 1 branch of the dungeon, and saw 2 of its levels.

You collected 49 gold pieces.

Inventory:

Hand Weapons
 a - a +0 hand axe (weapon)
Missiles
 c - 5 boomerangs of dispersal (quivered)
 f - 42 stones
Scrolls
 b - a scroll of blinking
 d - 2 scrolls of identify {unknown}
 g - a scroll of fear {unknown}
 h - a scroll of teleportation {unknown}
Potions
 e - a potion of curing {unknown}
 i - a potion of lignification {unknown}


   Skills:
 + Level 2.1 Fighting
 + Level 2.3 Axes
 + Level 1.0 Throwing
 + Level 3.1 Dodging
 + Level 1.3 Stealth
 + Level 2.3 Spellcasting
 + Level 3.2 Translocations


You couldn't memorise any spells.
You knew the following spells:

 Your Spells              Type           Power      Damage    Failure   Level
a - Teleport Other        Tloc           13%        N/A       14%         3
b - Stone Arrow           Conj/Erth      4%         3d7       50%         3

Your spell library contained the following spells:

 Spells                   Type           Power      Damage    Failure   Level
 Blink                    Tloc           26%        N/A       8%          2
 Gell's Gravitas          Tloc           13%        N/A       14%         3
 Lesser Beckoning         Tloc           13%        N/A       14%         3
 Sandblast                Erth           4%         2d4       19%         1
 Passwall                 Tmut/Erth      1%         N/A       28%         2
 Sublimation of Blood     Necr           2%         N/A       28%         2
 Manifold Assault         Tloc           13%        N/A       80%         5
 Petrify                  Tmut/Erth      2%         N/A       88%         4
 Irradiate                Conj/Tmut      1%         3d14      99%         5


Dungeon Overview and Level Annotations

Branches:
Dungeon (2/15)

Altars:

Annotations:
D:2 Robin


Innate Abilities, Weirdness & Mutations

You cannot wear most types of armour.
You are amphibious.
You can wear up to eight rings at the same time.
Your skin changes colour to match your surroundings (Stealth+).
Your rubbery body absorbs attacks. (AC +1, EV +1)
((You are camouflaged when in or above water. (Stealth+)))
You have tentacles for arms and can constrict up to eight enemies at once.


Message History

The adder is almost dead.
You constrict the adder.
You kill the adder!
HP restored.
You see here an adder corpse.
A quokka comes into view.
The quokka moves out of view.
The quokka bites you.
You barely miss the quokka. You grab the quokka.
You squeeze the quokka, but do no damage.
You constrict the quokka, but do no damage.
The quokka bites you. The quokka closely misses you.
You hit the quokka but do no damage. You squeeze the quokka.
You kill the quokka!
Found 4 gold pieces.
Robin, a hobgoblin and 4 goblins come into view.
A goblin is wielding a +2 dagger of draining.
The hobgoblin shouts!
The goblin shouts!
Robin shouts!
The goblin shouts!
You hear a shout!
Robin roars a battlecry!
The goblins go into a battle-frenzy!
The goblin misses you.
A bat comes into view.
Found 18 bolts.
A worm comes into view.
The goblin barely misses you.
Robin's bangles clink loudly.
Robin throws the goblin at you!
You see here 4 gold pieces.
A goblin comes into view. It is wielding a +0 dagger.
Found 10 gold pieces.
A goblin comes into view. It is wielding a +0 club.
You hit the goblin.
You kill the goblin!
You hit the goblin. x2; The bat hits you.
The bat closely misses you. The goblin hits you with a +0 dagger.
The goblin barely misses you. The goblin hits you with a +0 dagger.
* * * LOW HITPOINT WARNING * * *
The bat completely misses you. The goblin hits you with a +0 club.
You die...

...... ..... .
...# .. .w#
.#.#######..#
.$....(.....####.
.......gg........
.####.b.g.......
#@##g..#####
#.....g.##...#
##.#######...#
#######g..#
gg.gg.....#
#######.#.# #.#.#
#...# ##..#


You could see a worm, a hobgoblin (strong), 3 goblins and a bat.

Vanquished Creatures
  An adder (D:2)
  2 dart slugs (D:1)
  4 bats (D:1)
  4 endoplasms (D:1)
  4 giant cockroaches (D:1)
  5 goblins
  3 hobgoblins
  3 kobolds (D:1)
  2 quokkas
  3 ball pythons (D:1)
  2 frilled lizards (D:1)
  2 rats (D:1)
35 creatures vanquished.

Notes
Turn   | Place    | Note
-------+----------+-------------------------------------------
     0 | D:1      | croobank the Octopode Warper began the quest for the Orb.
     0 | D:1      | Reached XP level 1. HP: 14/14 MP: 3/3
     1 | D:1      | Noticed an electric eel
    66 | D:1      | Reached XP level 2. HP: 15/19 MP: 5/5
   455 | D:1      | Reached skill level 1 in Stealth
   495 | D:1      | Reached XP level 3. HP: 23/24 MP: 6/6
   499 | D:1      | Learned a level 3 spell: Teleport Other
   995 | D:1      | Learned a level 3 spell: Stone Arrow
  1134 | D:2      | Noticed Robin
  1144 | D:2      | Slain by a goblin

Illustrated notes

Levels and vault maps discovered:
D:1:      arrival_aquarium_a, layout_basic
D:2:      layout_loops_ring, uniq_robin

Skill      XL: |  1  2  3 |
---------------+----------+-----
Stealth        | 1 |  1.3
Dodging        | 3 |  3.1
Fighting       | |  2.1
Axes           | |  2.3
Throwing       | |  1.0
Spellcasting   | |  2.3
Translocations | |  3.2

Action                   || total
-------------------------++-------
Melee: Hand axe          ||    70
       Tentacles         ||    15
       Constrict         ||    17
       Punch             ||     1
 Stab: Sleeping          ||     6
Armor: Skin              ||    10
Dodge: Dodged            ||    61
